 Dungeon Crawl Stone Soup version 0.22-a0-445-g8c8ef71062 (webtiles) character file.

105 Ordine the Magician (level 4, -4/24 HPs)
             Began as a Deep Elf Wizard on June 2, 2018.
             Killed from afar by Natasha (8 damage)
             ... with a magic dart
             ... on level 2 of the Dungeon.
             The game lasted 00:06:52 (1475 turns).

Ordine the Magician (Deep Elf Wizard)               Turns: 1475, Time: 00:06:52

Health: -4/24      AC:  3    Str:  4    XL:     4   Next: 54%
Magic:  4/13       EV: 13    Int: 24    God:
Gold:   122        SH:  0    Dex: 13    Spells: 8/13 levels left

rFire    . . .     SeeInvis .   k - +1 dagger (protect)
rCold    . . .     Gourm    .   (no shield)
rNeg     . . .     Faith    +   a - +0 robe
rPois    .         Spirit   .   b - +1 hat
rElec    .         Reflect  .   (no cloak)
rCorr    .         Harm     .   (no gloves)
MR       .....                  (no boots)
Stlth    ++........             e - amulet of faith
HPRegen  0.08/turn              (no ring)
MPRegen  0.13/turn              (no ring)

@: no status effects
A: no striking features
a: no special abilities


You were on level 2 of the Dungeon.
You were not hungry.

You visited 1 branch of the dungeon, and saw 2 of its levels.

You collected 122 gold pieces.

Inventory:

Hand Weapons
 i - a +2 whip of distortion
 k - a +1 dagger of protection (weapon)
Armour
 a - a +0 robe (worn)
 b - a +1 hat (worn)
Jewellery
 e - an amulet of faith (around neck)
Scrolls
 c - a scroll of enchant armour
 h - 2 scrolls of fog
Potions
 f - a potion of degeneration {unknown}
 j - a potion of curing {unknown}
Comestibles
 d - 2 rations
 g - 2 chunks of flesh


   Skills:
 - Level 3.0 Dodging
 - Level 3.0 Stealth
 + Level 5.0 Spellcasting
 * Level 3.0 Conjurations
 + Level 2.0 Summonings
 + Level 1.8 Translocations


You had 8 spell levels left.
You knew the following spells:

 Your Spells              Type           Power        Failure   Level  Hunger
a - Magic Dart            Conj           ###.         2%          1    None
b - Blink                 Tloc           N/A          6%          2    None
c - Call Imp              Summ           ###.....     5%          2    None

Your spell library contained the following spells:

 Spells                   Type           Power        Failure   Level  Hunger
 Conjure Flame            Conj/Fire      ##......     14%         3    ##.....
 Slow                     Hex            #.......     13%         2    None
 Mephitic Cloud           Conj/Pois/Air  ##......     17%         3    ##.....


Dungeon Overview and Level Annotations

Branches:
Dungeon (2/15)

Altars:
Hepliaklqana

Annotations:
D:2 Natasha


Message History

Aim: Natasha (heavily wounded)
The magic dart hits Natasha.
Natasha is severely wounded.
Natasha stares at you and mumbles some strange words.
The magic dart hits you!
* * * LOW HITPOINT WARNING * * *
Your crimson imp blinks!
Your white imp barely misses Natasha.
Unknown command.
Casting: Magic Dart (safe; 2% risk of failure)
Confirm with . or Enter, or press ? or * to list all spells.
Aiming: Magic Dart (safe; 2% risk of failure)
Press: ? - help, Shift-Dir - straight line, f/p - Natasha
Aim: Natasha (severely wounded)
The magic dart hits Natasha.
Natasha is severely wounded.
Your white imp closely misses Natasha.
Natasha casts a spell at you. The magic dart hits you!
You die...

*,*,***,* *,#.#.#*,******,*
*,*,,,,,* #,#.#.#*,* *,,,,
*,******* #.#.#.#*,* *,*,*
**,**** #.#.#.##,****,*,*
*,,,,,* #......#,,,,,,,,*
*,,,,,##########.####,,*****,*
*,,,,,...........# *,,* *,*
********##.......# *,,*****,,
#<.h@...# *,,,,,,,**
#..5.5..#***,,,***,*
#..?........,,,,,,,*
#........#.#**,******
#........#,#,,,,,,,,,
#........#,*,********
#........#,*,,,,,,,,,
#........#,*********,
********,*,,,,,,,,,,,


You could see Natasha, a friendly crimson imp and a friendly white imp.

Vanquished Creatures
  Natasha (D:2)
  A gnoll (D:1)
  2 adders (D:2)
  3 dart slugs (D:1)
  2 leopard geckos
  2 giant cockroaches
  5 goblins
  A hobgoblin (D:1)
  2 jackals (D:1)
  2 ball pythons
  5 bats
  5 frilled lizards
  9 kobolds
  5 rats
45 creatures vanquished.

Vanquished Creatures (collateral kills)
  A worm (D:2)
  A leopard gecko (D:1)
  2 hobgoblins (D:2)
  4 jackals (D:1)
  A rat (D:2)
9 creatures vanquished.

Grand Total: 54 creatures vanquished

Notes
Turn   | Place    | Note
-------+----------+-------------------------------------------
     0 | D:1      | Ordine the Deep Elf Wizard began the quest for the Orb.
     0 | D:1      | Reached XP level 1. HP: 10/10 MP: 7/7
   163 | D:1      | Reached XP level 2. HP: 15/15 MP: 4/9
   175 | D:1      | Learned a level 2 spell: Blink
   178 | D:1      | Learned a level 2 spell: Call Imp
   629 | D:1      | Reached XP level 3. HP: 18/19 MP: 2/11
  1210 | D:2      | Noticed Natasha
  1219 | D:2      | Killed Natasha
  1219 | D:2      | Reached XP level 4. HP: 21/24 MP: 0/12
  1219 | D:2      | Reached skill level 5 in Spellcasting
  1398 | D:2      | Found a hazy altar of Hepliaklqana.
  1468 | D:2      | Noticed Natasha
  1475 | D:2      | Killed from afar by Natasha

Vault maps used:
D:1:      ncdulo_smallfort, minmay_nonomino_d4
D:2:      cheibrodos_helix_gallery, lemuel_crystal_altar, uniq_natasha

Skill      XL: |  1  2  3  4 |
---------------+-------------+-----
Conjurations   | 2 3 |  3.0
Dodging        | 3 |  3.0
Stealth        | 3 |  3.0
Summonings     | 2 |  2.0
Spellcasting   | 5 |  5.0
Translocations | |  1.8

Action                   |  1- 3 |  4- 6 || total
-------------------------+-------+-------++-------
Melee: Short sword       |     2 |       ||     2
       Dagger            |    10 |       ||    10
 Cast: Magic Dart        |    78 |    18 ||    96
       Call Imp          |     5 |     2 ||     7
  Use: Scroll            |     6 |       ||     6
  Eat: Chunk             |     1 |     1 ||     2
Armor: Robe              |    10 |     1 ||    11
Dodge: Dodged            |    33 |     3 ||    36

Table legend:
 A = Spawn XP
 B = Non-spawn XP
 C = Spawn XP percentage of total XP
 D = Spawn monster count
 E = Non-spawn monster count
 F = Spawn count percentage of total count
 G = Total turns spent on level
                    A         B        C        D         E        F      G
               +---------+---------+-------+---------+---------+-------+---------
         Total |       0 |     151 |   0.0 |       0 |      54 |   0.0 |  1475
               +---------+---------+-------+---------+---------+-------+---------
           D:1 |       0 |      73 |   0.0 |       0 |      36 |   0.0 |  1096
           D:2 |       0 |      78 |   0.0 |       0 |      18 |   0.0 |   379
               +---------+---------+-------+---------+---------+-------+---------
